 Dungeon Crawl Stone Soup version 0.29.1-15-g9cfb28693d (webtiles) character file.

Game seed: 824311150701901516

12835 croobank the Thaumaturge (level 11, 0/84 HPs)
             Began as a Gnoll Fire Elementalist on Mar 17, 2023.
             Was an Initiate of Gozag.
             Shot with an arrow by a centaur (6 damage)
             ... led by a centaur warrior
             ... on level 12 of the Dungeon.
             The game lasted 00:30:35 (14310 turns).

croobank the Thaumaturge (Gnoll Fire Elementalist) Turns: 14310, Time: 00:30:36

Health: 0/84       AC:  8    Str:  7    XL:     11   Next: 99%
Magic:  39/41      EV: 15    Int: 29    God:    Gozag
Gold:   1144       SH:  5    Dex: 14    Spells: 12/27 levels left

rFire   . . .      SeeInvis .   A - +7 Throatcutter {drain, coup de grace}
rCold   x . .      Faith    .   (no shield)
rNeg    + + +      Spirit   .   W - +2 leather armour {Will+}
rPois   .          Reflect  +   g - +2 helmet
rElec   .          Harm     .   I - +1 cloak of Negligence {Int+4}
rCorr   .          Rampage  .   (no gloves)
Will    +....                   X - +0 pair of boots of Jufuosua {rC- rN+++ Int+7 Stlth-}
Stlth   +++.......              q - amulet of reflection
HPRegen 0.24/turn               j - ring of magical power
MPRegen 0.27/turn               B - ring of magical power

@: corroded
A: fangs 1, strong nose, distributed training
a: Renounce Religion, Potion Petition, Call Merchant, Bribe Branch


You were on level 12 of the Dungeon.
You worshipped Gozag.
Gozag was most pleased with you.
You visited 1 branch of the dungeon, and saw 12 of its levels.
You also visited: Sewer.

You collected 2507 gold pieces.
You spent 936 gold pieces at shops.
You paid 427 gold pieces to Gozag.

Inventory:

Hand Weapons
 h - a +2 vampiric broad axe
 r - a +2 spear of venom
 A - the +7 Throatcutter (weapon) {drain, coup de grace}
   (You found it on level 3 of the Dungeon)

   A truly terrible weapon, it drains the life of any living foe it strikes.
   It may instantly kill foes which have little health.
 P - a +4 hand axe
 R - a +2 flail of freezing
 S - a +0 long sword
 U - a +0 short sword of flaming
Missiles
 z - 4 silver javelins
 E - 7 curare-tipped darts
 O - a throwing net
Armour
 c - a +1 ring mail
 g - a +2 helmet (worn)
 I - the +1 cloak of Negligence (worn) {Int+4}
   (You bought it in a shop on level 12 of the Dungeon)

   Int:       It affects your intelligence (+4).
 N - the +3 pair of seven-league boots {Rampage+∞}
   (You bought it in a shop on level 2 of the Dungeon)

   Its wearer moves as far as possible in that direction when moving towards
   enemies.
 W - a +2 leather armour of willpower (worn)
 X - the +0 pair of boots of Jufuosua (worn) {rC- rN+++ Int+7 Stlth-}
   (You found it on level 8 of the Dungeon)

   Int:       It affects your intelligence (+7).
   rC:        It makes you vulnerable to cold.
   rN:        It renders you almost immune to negative energy.
   Stlth:     It makes you less stealthy.
Magical Staves
 p - a staff of poison
 y - a staff of air
Jewellery
 a - a +6 ring of intelligence
 j - a ring of magical power (left hand)
 q - an amulet of reflection (around neck)
 B - a ring of magical power (right hand)
 G - a +4 ring of evasion
 Q - a ring of protection from cold
 Y - a ring of fire
Wands
 k - a wand of flame (4)
 T - a wand of charming (34)
 V - a wand of roots (6)
Scrolls
 f - 11 scrolls of teleportation
 l - 2 scrolls of magic mapping
 n - 3 scrolls of fear
 s - 3 scrolls of immolation
 u - a scroll of noise
 C - 2 scrolls of butterflies
 H - 3 scrolls of blinking
 L - a scroll of vulnerability
 Z - 3 scrolls of identify
Potions
 b - a potion of magic
 d - 7 potions of might
 e - 3 potions of attraction
 i - 7 potions of curing
 m - 8 potions of lignification
 o - 2 potions of flight
 t - a potion of berserk rage
 v - a potion of cancellation
 w - 3 potions of heal wounds
 x - a potion of brilliance
 D - 3 potions of haste
 F - a potion of degeneration {unknown}
 J - a potion of mutation {unknown}
 K - a potion of resistance {unknown}
 M - 3 potions of invisibility {unknown}


   Skills:
 + Level 7.1 Fighting
 + Level 7.1 Short Blades
 + Level 7.1 Long Blades
 + Level 7.1 Axes
 + Level 7.1 Maces & Flails
 + Level 7.1 Polearms
 + Level 7.1 Staves
 + Level 7.1 Ranged Weapons
 + Level 7.1 Throwing
 + Level 7.1 Armour
 + Level 8.5 Dodging
 + Level 8.3 Stealth
 + Level 7.1 Shields
 + Level 7.1 Unarmed Combat
 + Level 8.7 Spellcasting
 + Level 6.3 Conjurations
 + Level 5.8 Hexes
 + Level 5.8 Summonings
 + Level 5.8 Necromancy
 + Level 5.8 Translocations
 + Level 5.8 Transmutations
 + Level 8.1 Fire Magic
 + Level 5.8 Ice Magic
 + Level 5.8 Air Magic
 + Level 5.8 Earth Magic
 + Level 5.8 Poison Magic
 + Level 7.7 Invocations
 + Level 7.1 Evocations


You had 12 spell levels left.
You knew the following spells:

 Your Spells              Type           Power      Damage    Failure   Level
a - Foxfire               Conj/Fire      100%       2x1d9     1%          1
b - Scorch                Fire           100%       2d10      1%          2
c - Inner Flame           Hex/Fire       52%        N/A       1%          3
d - Flame Wave            Conj/Fire      53%        2d13      3%          4
e - Irradiate             Conj/Tmut      24%        3d19      14%         5

Your spell library contained the following spells:

 Spells                   Type           Power      Damage    Failure   Level
 Sandblast                Erth           92%        2d19      1%          1
 Passwall                 Tmut/Erth      38%        N/A       1%          2
 Poisonous Vapours        Pois/Air       92%        N/A       1%          2
 Conjure Flame            Conj/Fire      53%        6-21      1%          3
 Stone Arrow              Conj/Erth      96%        3d13      1%          3
 Vampiric Draining        Necr           46%        2d9       1%          3
 Dragon Form              Tmut           23%        N/A       99%         7
 Malign Gateway           Summ/Tloc      23%        N/A       99%         7
 Summon Horrible Things   Summ           23%        N/A       100%        8
 Corpse Rot               Necr/Pois/Air  Unusable   N/A       N/A         4

Dungeon Overview and Level Annotations

Branches:
Dungeon (12/15)            Temple (0/1) D:5            Lair (0/5) D:10
  Sewer (visited)
    Orc: D:9-12

Altars:
Ashenzari
Dithmenos
Elyvilon
Fedhas
Gozag
Hepliaklqana
Kikubaaqudgha
Makhleb
Nemelex Xobeh
Okawaru
Ru
Trog
Uskayaw
Vehumet
Xom
Zin

Shops:
D:2 *[   D:7 =   D:12 [

Annotations:
D:4 1 runed translucent door, Crazy Yiuf


Innate Abilities, Weirdness & Mutations

You have very sharp teeth.
Your uncanny sense of smell can sniff out nearby items.
Your experience applies equally to all skills.


Message History

The foxfire hits the centaur!
The centaur is almost dead.
The centaur wields a +0 shortbow.
The centaur shoots an arrow.
The arrow hits you.
You hear a shout!
Casting: Foxfire (safe; 1% risk of failure)
Confirm with . or Enter, or press ? or * to list all spells.
You don't know that spell.
Okay, then.
Your foxfire dissipates!
The foxfire hits the acid dragon.
The acid dragon is moderately wounded.
The centaur shoots an arrow.
The arrow hits you.
The centaur warrior shoots an arrow.
The arrow barely misses you.
The centaur shoots an arrow.
The arrow barely misses you.
The centaur warrior shoots an arrow.
The arrow closely misses you.
The centaur wields a +0 shortbow.
The centaur shoots an arrow.
The arrow misses you.
The centaur wields a +0 shortbow.
The centaur shoots an arrow.
The arrow hits you.
The centaur shoots an arrow.
The arrow barely misses you.
The centaur shoots an arrow.
The arrow hits you!
The centaur wields a +0 shortbow.
The centaur shoots an arrow.
The arrow hits you.
The centaur warrior shoots an arrow.
The arrow hits you!
The centaur warrior shoots an arrow.
The arrow hits you!
The centaur shoots an arrow.
The arrow completely misses you. The acid dragon spits acid at you.
The splash of acid hits you!
* * * LOW HITPOINT WARNING * * *
The acid corrodes you!
The centaur shoots an arrow.
The arrow hits you!
* * * LOW HITPOINT WARNING * * *
The centaur warrior shoots an arrow.
You reflect the arrow off an invisible shield around you!
The arrow hits the centaur warrior!
The centaur shoots an arrow.
The arrow hits you.
* * * LOW HITPOINT WARNING * * *
The centaur shoots an arrow.
The arrow hits you.
You die...
Your body crumbles into a pile of gold.

#######.W......
∆......D..c≈cc..
#####..#..c~~~...
........Dc~≈≈~...
########...~~≈...
#.........
##.........
#..........
#.#@#......
#..∩.......
###.#######
#..#########
##..........
###.###### #.#
#.# #.#


You could see an eight-headed hydra (summoned), a centaur warrior, an acid
dragon (summoned, catching breath) and 4 centaurs.

Vanquished Creatures
  The ghost of OhDinosaurWizard the Protected, a journeyman MiAK of Lugonu (D:8)
  A hydra (D:12)
  3 two-headed ogres
  Urug (D:10)
  A manticore (D:11)
  A kobold demonologist (D:10)
  A vampire (D:10)
  19 yaks
  A wraith (D:9)
  A steam dragon (D:8)
  3 wargs (D:10)
  3 vampire mosquitoes (D:10)
  4 orc warriors
  3 water moccasins
  5 ice beasts
  A sky beast (D:7)
  2 black bears (D:6)
  4 ogres
  2 centaurs
  A phantom (D:7)
  5 kobold brigands
  3 necrophages (D:5)
  A bullfrog (D:9)
  4 scorpions
  A gnoll sergeant (D:6)
  5 wights
  9 howler monkeys
  An electric eel (D:12)
  5 hounds
  9 orc priests
  A gnoll bouda (D:5)
  4 jellies
  6 iguanas
  4 orc wizards
  A centaur simulacrum (D:8)
  A killer bee simulacrum (D:8)
  8 gnolls
  15 adders
  5 river rats (Sewer)
  A shadow imp (D:4)
  2 white imps (D:8)
  2 ufetubi (D:5)
  3 worms
  2 dart slugs
  42 orcs
  14 ball pythons
  5 endoplasms
  7 giant cockroaches
  8 hobgoblins
  9 jackals
  3 quokkas
  4 bats
  5 frilled lizards (Sewer)
  6 goblins
  21 kobolds
  12 rats
292 creatures vanquished.

Vanquished Creatures (collateral kills)
  13 foxfires
13 creatures vanquished.

Vanquished Creatures (others)
  684 foxfires
  2 fungi (D:4)
  15 plants
701 creatures vanquished.

Grand Total: 1006 creatures vanquished

Notes
Turn   | Place    | Note
-------+----------+-------------------------------------------
     0 | D:1      | croobank the Gnoll Fire Elementalist began the quest for
                  | the Orb.
     0 | D:1      | Reached XP level 1. HP: 13/13 MP: 6/6
   238 | D:1      | Reached XP level 2. HP: 9/19 MP: 3/7
  1031 | D:1      | Learned a level 2 spell: Scorch
  1154 | D:1      | Reached skill level 5 in Spellcasting
  1154 | D:1      | Reached XP level 3. HP: 25/25 MP: 9/9
  1158 | D:1      | Learned a level 3 spell: Inner Flame
  1372 | D:2      | Reached skill level 1 in Invocations
  1503 | D:2      | Found Tomor's General Store.
  1511 | D:2      | Bought a scroll of identify for 28 gold pieces
  1520 | D:2      | Found a faded altar of an unknown god.
  1622 | D:2      | Reached skill level 1 in Fighting
  1622 | D:2      | Reached skill level 1 in Short Blades
  1622 | D:2      | Reached skill level 1 in Long Blades
  1622 | D:2      | Reached skill level 1 in Axes
  1622 | D:2      | Reached skill level 1 in Maces & Flails
  1622 | D:2      | Reached skill level 1 in Polearms
  1622 | D:2      | Reached skill level 1 in Staves
  1622 | D:2      | Reached skill level 1 in Ranged Weapons
  1622 | D:2      | Reached skill level 1 in Throwing
  1622 | D:2      | Reached skill level 1 in Armour
  1622 | D:2      | Reached skill level 1 in Shields
  1622 | D:2      | Reached skill level 1 in Unarmed Combat
  1622 | D:2      | Reached skill level 1 in Evocations
  1713 | D:2      | Found Ecidd's Antique Armour Shoppe.
  1889 | D:2      | Reached XP level 4. HP: 32/32 MP: 11/11
  1894 | D:2      | Learned a level 4 spell: Flame Wave
  2323 | D:3      | Reached skill level 1 in Hexes
  2323 | D:3      | Reached skill level 1 in Summonings
  2323 | D:3      | Reached skill level 1 in Necromancy
  2323 | D:3      | Reached skill level 1 in Translocations
  2323 | D:3      | Reached skill level 1 in Transmutations
  2323 | D:3      | Reached skill level 1 in Ice Magic
  2323 | D:3      | Reached skill level 1 in Air Magic
  2323 | D:3      | Reached skill level 1 in Earth Magic
  2323 | D:3      | Reached skill level 1 in Poison Magic
  2427 | D:3      | Found the +7 Throatcutter {drain, coup de grace}
  2428 | D:3      | Found a hazy altar of Hepliaklqana.
  2428 | D:3      | Found a sparkling altar of Nemelex Xobeh.
  2428 | D:3      | Found a white marble altar of Elyvilon.
  2428 | D:3      | Found an opulent altar of Gozag.
  2438 | D:3      | Found a shimmering altar of Xom.
  2438 | D:3      | Found a blossoming altar of Fedhas.
  2455 | D:3      | Became a worshipper of Gozag Ym Sagoz the Greedy
  2746 | D:3      | Reached XP level 5. HP: 37/37 MP: 12/12
  3060 | D:4      | Noticed an ogre
  3065 | D:4      | Killed an ogre
  3175 | D:4      | Found a shadowy altar of Dithmenos.
  3299 | D:4      | Reached XP level 6. HP: 44/44 MP: 13/13
  3561 | D:4      | Found an ancient bone altar of Kikubaaqudgha.
  3646 | D:4      | Reached skill level 5 in Dodging
  3981 | D:4      | Found a runed translucent door.
  3982 | D:4      | Noticed Crazy Yiuf
  4283 | D:5      | Entered Level 5 of the Dungeon
  4379 | D:5      | Found a glowing drain.
  4386 | Sewer    | Entered a sewer
  4439 | Sewer    | Reached XP level 7. HP: 50/50 MP: 15/15
  4918 | Sewer    | Reached skill level 5 in Stealth
  5326 | D:2      | Bought the +3 pair of seven-league boots {Rampage+∞} for
                  | 560 gold pieces
  5326 | D:2      | Found the +3 pair of seven-league boots {Rampage+∞}
  5526 | D:5      | Reached XP level 8. HP: 23/58 MP: 16/16
  5886 | D:5      | Got the Vellum of the Undead and Transmigration
  5950 | D:5      | Learned a level 5 spell: Irradiate
  6165 | D:5      | Found a staircase to the Ecumenical Temple.
  6330 | D:5      | Noticed a yak
  6331 | D:5      | Noticed a yak
  6333 | D:5      | Noticed a yak
  6334 | D:5      | Noticed a yak
  6335 | D:5      | Noticed a yak
  6355 | D:4      | Killed a yak
  6558 | D:4      | Killed a yak
  6848 | D:4      | Killed a yak
  6849 | D:4      | Reached XP level 9. HP: 37/65 MP: 18/18
  7324 | D:5      | Found a sacrificial altar of Ru.
  7735 | D:6      | Reached skill level 5 in Invocations
  7768 | D:6      | Found a hide-covered altar of Uskayaw.
  7944 | D:6      | Found a bloodstained altar of Trog.
  8605 | D:7      | HP: 3/62 [wight/+0 long sword (2)]
  8841 | D:7      | Found an iron altar of Okawaru.
  8854 | D:7      | Reached skill level 5 in Fighting
  8854 | D:7      | Reached skill level 5 in Short Blades
  8854 | D:7      | Reached skill level 5 in Long Blades
  8854 | D:7      | Reached skill level 5 in Axes
  8854 | D:7      | Reached skill level 5 in Maces & Flails
  8854 | D:7      | Reached skill level 5 in Polearms
  8854 | D:7      | Reached skill level 5 in Staves
  8854 | D:7      | Reached skill level 5 in Ranged Weapons
  8854 | D:7      | Reached skill level 5 in Throwing
  8854 | D:7      | Reached skill level 5 in Armour
  8854 | D:7      | Reached skill level 5 in Shields
  8854 | D:7      | Reached skill level 5 in Unarmed Combat
  8854 | D:7      | Reached skill level 5 in Evocations
  8854 | D:7      | Reached XP level 10. HP: 71/74 MP: 20/20
  9067 | D:7      | Found Girchoryk's Jewellery Shoppe.
  9619 | D:8      | Found a runed translucent gate.
  9619 | D:8      | Found a runed translucent gate.
  9619 | D:8      | Found a runed translucent gate.
  9736 | D:8      | Noticed OhDinosaurWizard's ghost (journeyman MiAK)
  9768 | D:8      | Killed OhDinosaurWizard's ghost
  9769 | D:8      | Reached skill level 5 in Conjurations
 10016 | D:8      | Identified the +0 pair of boots of Jufuosua {rC- rN+++
                  | Int+7 Stlth-}
 10215 | D:8      | Found a burning altar of Makhleb.
 10951 | D:9      | Found a hide-covered altar of Uskayaw.
 10955 | D:9      | Noticed a +0 dagger
 10955 | D:9      | Noticed a +0 spear
 11427 | D:9      | Noticed a two-headed ogre
 11443 | D:9      | Killed a two-headed ogre
 11588 | D:9      | Noticed a +0 dagger
 11588 | D:9      | Noticed a +0 spear
 11589 | D:9      | Noticed a +0 short sword
 11596 | D:9      | Noticed a +0 short sword
 11596 | D:9      | Noticed a +0 falchion
 11597 | D:9      | Noticed a +0 falchion
 11635 | D:9      | Reached skill level 5 in Hexes
 11635 | D:9      | Reached skill level 5 in Summonings
 11635 | D:9      | Reached skill level 5 in Necromancy
 11635 | D:9      | Reached skill level 5 in Translocations
 11635 | D:9      | Reached skill level 5 in Transmutations
 11635 | D:9      | Reached skill level 5 in Ice Magic
 11635 | D:9      | Reached skill level 5 in Air Magic
 11635 | D:9      | Reached skill level 5 in Earth Magic
 11635 | D:9      | Reached skill level 5 in Poison Magic
 11709 | D:10     | Entered Level 10 of the Dungeon
 11813 | D:10     | Noticed a two-headed ogre
 11822 | D:10     | Killed a two-headed ogre
 11823 | D:10     | Reached XP level 11. HP: 81/81 MP: 23/23
 11856 | D:10     | Found a broken altar of Ashenzari.
 11890 | D:10     | Noticed Urug
 11900 | D:10     | Killed Urug
 12403 | D:10     | Found a glowing silver altar of Zin.
 12445 | D:10     | Found a radiant altar of Vehumet.
 12869 | D:10     | Noticed a two-headed ogre
 12876 | D:10     | Killed a two-headed ogre
 12944 | D:10     | Found a staircase to the Lair.
 13639 | D:11     | Noticed a manticore
 13649 | D:11     | Killed a manticore
 14067 | D:12     | Found Voovig's Armour Emporium.
 14068 | D:12     | Noticed a four-headed hydra
 14079 | D:12     | Killed a four-headed hydra
 14262 | D:12     | Bought the +1 cloak of Negligence {Int+4} for 348 gold
                  | pieces
 14302 | D:12     | Noticed a centaur warrior
 14305 | D:12     | Noticed an eight-headed hydra
 14310 | D:12     | Shot with an arrow by a centaur

Illustrated notes

Levels and vault maps discovered:
D:1:      sevenhm_arrival_forest_fort_small_1, layout_rooms
D:2:      minmay_spotlight, layout_rooms,
          hellmonk_ecumenical_altar_pennies_from_heaven, serial_shops,
          nicolae_shop_trees, nicolae_shop_hallway_stairs, minmay_pentomino_x4
D:3:      layout_rooms, minmay_overflow_temple_hex, st_stairs_14
D:4:      layout_loops_ring, nicolae_kikubaaqudgha_miasma_corner,
          grunt_dithmenos_smoke_and_mirrors, uniq_crazy_yiuf_cottage
D:5:      minmay_octagon_keep, layout_basic, nicolae_ru_sacrificial_ziggurat,
          lemuel_temple_firewalk_b, gup_sewer_entry_bubbles
D:6:      layout_gridville, mainiacjoe_overflow_boulevard,
          minmay_misc_feat_columns, minmay_ruined_shrine
D:7:      layout_rooms, okawaru_trees_1, serial_shops, nicolae_shop_stone
D:8:      layout_cave_pools, lightli_temple_of_fire, gammafunk_ghost_icy
D:9:      layout_roguey [special_room_orc], nicolae_uskayaw_en_pointe
D:10:     layout_roguey, zin_statuary, nicolae_vehumet_altar_sigil,
          ashenzari_altar_1, erik_lair_orcish_takeover, uniq_urug
D:11:     layout_loops_ring
D:12:     layout_basic, orc_0_dummy, serial_shops, nicolae_shop_crystal,
          trog_hazing_becter

Skill      XL: |  1  2  3  4  5  6  7  8  9 10 11 |
---------------+----------------------------------+-----
Conjurations   | 2 3 4 5 6 |  6.3
Spellcasting   | 5 6 7 8 |  8.7
Invocations    | 1 2 3 4 5 6 7 |  7.7
Fighting       | 1 2 3 4 5 6 7 |  7.1
Short Blades   | 1 2 3 4 5 6 7 |  7.1
Long Blades    | 1 2 3 4 5 6 7 |  7.1
Axes           | 1 2 3 4 5 6 7 |  7.1
Maces & Flails | 1 2 3 4 5 6 7 |  7.1
Polearms       | 1 2 3 4 5 6 7 |  7.1
Staves         | 1 2 3 4 5 6 7 |  7.1
Ranged Weapons | 1 2 3 4 5 6 7 |  7.1
Throwing       | 1 2 3 4 5 6 7 |  7.1
Armour         | 1 2 3 4 5 6 7 |  7.1
Shields        | 1 2 3 4 5 6 7 |  7.1
Unarmed Combat | 1 2 3 4 5 6 7 |  7.1
Evocations     | 1 2 3 4 5 6 7 |  7.1
Hexes          | 1 2 3 4 5 |  5.8
Summonings     | 1 2 3 4 5 |  5.8
Necromancy     | 1 2 3 4 5 |  5.8
Translocations | 1 2 3 4 5 |  5.8
Transmutations | 1 2 3 4 5 |  5.8
Ice Magic      | 1 2 3 4 5 |  5.8
Air Magic      | 1 2 3 4 5 |  5.8
Earth Magic    | 1 2 3 4 5 |  5.8
Poison Magic   | 1 2 3 4 5 |  5.8
Dodging        | 5 6 7 8 |  8.5
Stealth        | 5 6 7 8 |  8.3
Fire Magic     | 6 7 8 |  8.1

Action                   |  1- 3 |  4- 6 |  7- 9 | 10-12 || total
-------------------------+-------+-------+-------+-------++-------
Melee: Unarmed           |     4 |       |       |       ||     4
       Mace              |    10 |     4 |       |       ||    14
       Bite              |     1 |     1 |     1 |    11 ||    14
       Long sword        |       |    30 |    24 |   121 ||   175
       Punch             |       |     1 |       |     4 ||     5
 Cast: Foxfire           |    78 |    60 |   108 |   184 ||   430
       Scorch            |     6 |    41 |   119 |   111 ||   277
Invok: Potion Petition   |       |       |     1 |       ||     1
  Use: Scroll            |       |       |     7 |    16 ||    23
 Stab: Sleeping          |       |     1 |       |     1 ||     2
       Distracted        |       |       |       |     1 ||     1
Armor: Robe              |    12 |     8 |    26 |     4 ||    50
       Leather armour    |       |       |       |    21 ||    21
Dodge: Dodged            |    30 |    19 |    78 |    80 ||   207
Block: Other             |     1 |     5 |    36 |    46 ||    88
       Reflection        |       |       |     2 |     2 ||     4
